 Dungeon Crawl Stone Soup version 0.17-a0-2217-ga280b8d (webtiles) character file.

1898 Geomchi the Grappler (level 9, -14/79 (81) HPs)
             Began as a Ghoul Monk on Oct 28, 2015.
             Demolished by a two-headed ogre
             ... wielding a +0 giant spiked club
              (19 damage)
             ... on level 6 of the Dungeon.
             The game lasted 00:07:03 (5970 turns).

Geomchi the Grappler (Ghoul Monk)                   Turns: 5970, Time: 00:07:03

HP:   -14/79 (81)   AC: 12    Str: 18    XL:     9   Next: 15%
MP:   17/17         EV: 12    Int:  5    God:
Gold: 314           SH:  0    Dex: 16    Spells: 0 memorised, 8 levels left

rFire  . . .     SeeInvis .       - Unarmed
rCold  + . .     Clarity  .     C - +0 plate armour
rNeg   + + +     SustAt   .     (no shield)
rPois  ∞         Gourm    .     (no helmet)
rElec  .         Spirit   .     (no cloak)
rCorr  .         Warding  .     (no gloves)
rMut   .         Stasis   .     c - +0 pair of boots
MR     +....                    (no amulet)
Stlth  ..........               x - ring of magical power
                                r - ring of protection from magic

@: agile, rotting, somewhat resistant to hostile enchantments, extremely
unstealthy
A: rotting body, claws 1, carnivore 3, cold resistance 1, negative energy
resistance 3, slow regeneration 1, torment resistance, unbreathing
a: no special abilities


You were on level 6 of the Dungeon.
You were not hungry.

You visited 1 branch of the dungeon, and saw 6 of its levels.

You collected 314 gold pieces.

Inventory:

Armour
 c - a +0 pair of boots (worn)
 C - a +0 plate armour (worn)
Jewellery
 r - a ring of protection from magic (left claw)
 x - a ring of magical power (right claw)
Wands
 F - a wand of slowing (14)
Scrolls
 a - 2 scrolls of random uselessness {unknown}
 d - 7 scrolls of identify {unknown}
 f - 2 scrolls of teleportation {unknown}
 i - 3 scrolls of magic mapping {unknown}
 n - a scroll of fear {unknown}
 p - a scroll of fog {unknown}
 w - a scroll of recharging {unknown}
 y - a scroll of enchant weapon {unknown}
 B - 2 scrolls of amnesia {unknown}
 E - a scroll of remove curse {unknown}
Potions
 e - 3 potions of heal wounds {unknown}
 g - a potion of resistance {unknown}
 h - a potion of degeneration {unknown}
 j - 2 potions of agility
 k - 2 potions of lignification {unknown}
 o - a potion of cancellation {unknown}
 q - a potion of poison {unknown}
 t - a potion of magic {unknown}
 u - 2 potions of haste {unknown}
 v - a potion of beneficial mutation {unknown}
 z - 2 potions of brilliance {unknown}
 D - a potion of flight {unknown}
Comestibles
 b - 5 meat rations {@e2}
 l - 2 slices of pizza
 m - a beef jerky
 A - a royal jelly


   Skills:
 + Level 7.9 Fighting
 + Level 3.4 Armour
 - Level 4.6 Dodging
 - Level 2.1 Stealth
 * Level 9.4 Unarmed Combat


You had 8 spell levels left.
You didn't know any spells.

Dungeon Overview and Level Annotations

Branches:
Dungeon (6/15)
 Temple: D:4-7

Altars:
Ashenzari
Cheibriados
Elyvilon
Gozag
Qazlal
Sif Muna
Trog
Jiyva


Innate Abilities, Weirdness & Mutations

Your body is rotting away.
You thrive on raw meat.
You are immune to poison.
You have sharp fingernails.
You are carnivorous and can eat meat at any time.
Your flesh is cold resistant.
You are immune to negative energy.
You regenerate slowly when monsters are visible.
You are immune to unholy pain and torment.
You can survive without breathing.


Message History

You kill the adder!
You completely miss the orc. The orc barely misses you.
You barely miss the orc. The orc barely misses you.
You claw the orc!
You kill the orc!
You claw the two-headed ogre! The two-headed ogre barely misses you.
The two-headed ogre hits you with a giant spiked club!
You take 15 damage, and have 62/79 hp.
You scratch the two-headed ogre but do no damage.
You scratch the two-headed ogre.
The two-headed ogre hits you with a giant spiked club!!
The two-headed ogre hits you with a giant spiked club.
You take 29 damage, and have 33/79 hp.
MASSIVE DAMAGE!!
You scratch the two-headed ogre but do no damage.
Drink which item? (? for menu, Esc to quit)
You feel agile all of a sudden.
The two-headed ogre hits you with a giant spiked club!!
* * * LOW HITPOINT WARNING * * *
The two-headed ogre hits you with a giant spiked club!!
You die...

# .# # ..% # #.###.... #
#.##...(.. #
..##>......############# #
....... #.O@.[........# # #.##..#
#############.# # #.##..# #.# #
#.##..# #.# # #.##..## #.# #
#......# #.# ## #..###.#######
#.# #. #####..#
#.......#########.#####.
.......###.#####.....)...........


You could see a two-headed ogre.

Vanquished Creatures
  The ghost of Clownie the Covert, a novice OpAs of Ashenzari (D:5)
  Sigmund (D:3)
  A water moccasin (D:3)
  Duvessa (D:6)
  An orc warrior (D:6)
  2 ogres (D:5)
  A giant frog (D:6)
  4 centaurs
  Dowan (D:6)
  A scorpion (D:5)
  2 crimson imps
  A giant frog zombie (D:5)
  2 jellies (D:6)
  Ijyb (D:2)
  An orc wizard (D:3)
  2 worker ants (D:5)
  A hound skeleton (D:4)
  A hound zombie (D:5)
  9 adders
  3 gnolls (D:3)
  A shadow imp (D:5)
  2 oozes (D:6)
  2 adder zombies (D:5)
  6 worms
  2 giant geckos
  8 orcs
  9 bats
  9 giant cockroaches
  9 hobgoblins
  2 jackals (D:5)
  2 ball pythons
  5 giant newts
  6 goblins
  A jackal skeleton (D:5)
  7 kobolds
  4 quokkas
  12 rats
124 creatures vanquished.

Vanquished Creatures (others)
  A quokka (D:3)
1 creature vanquished.

Grand Total: 125 creatures vanquished

Notes
Turn   | Place    | Note
--------------------------------------------------------------
     0 | D:1      | Geomchi the Ghoul Monk began the quest for the Orb.
     0 | D:1      | Reached XP level 1. HP: 19/19 MP: 0/0
   265 | D:1      | Reached XP level 2. HP: 20/22 MP: 1/1
   330 | D:1      | Reached skill level 5 in Unarmed Combat
   707 | D:1      | Reached XP level 3. HP: 27/27 MP: 2/2
  1332 | D:2      | Reached skill level 6 in Unarmed Combat
  1332 | D:2      | Reached XP level 4. HP: 38/38 MP: 3/3
  1601 | D:2      | Noticed Ijyb
  1617 | D:2      | Killed Ijyb
  1617 | D:2      | Reached skill level 1 in Armour
  1921 | D:3      | Found a white marble altar of Elyvilon.
  2058 | D:3      | Reached XP level 5. HP: 42/45 MP: 4/4
  2372 | D:3      | Noticed a water moccasin
  2393 | D:3      | Killed a water moccasin
  2393 | D:3      | Reached XP level 6. HP: 6/51 MP: 5/5
  2669 | D:3      | Noticed Sigmund
  2684 | D:3      | Killed Sigmund
  2684 | D:3      | Reached XP level 7. HP: 49/57 MP: 6/6
  3845 | D:5      | Entered Level 5 of the Dungeon
  3869 | D:5      | Found an opulent altar of Gozag.
  3900 | D:5      | Found a bloodstained altar of Trog.
  3919 | D:5      | Found a deep blue altar of Sif Muna.
  3936 | D:5      | Found a shattered altar of Ashenzari.
  3948 | D:5      | Found a snail-covered altar of Cheibriados.
  4190 | D:5      | Found a stormy altar of Qazlal.
  4272 | D:5      | Reached skill level 7 in Unarmed Combat
  4304 | D:5      | Reached skill level 5 in Fighting
  4576 | D:5      | Reached XP level 8. HP: 44/66 MP: 7/7
  5175 | D:5      | Noticed Clownie's ghost (novice OpAs)
  5192 | D:5      | Killed Clownie's ghost
  5192 | D:5      | Reached skill level 8 in Unarmed Combat
  5598 | D:6      | Noticed Dowan
  5599 | D:6      | Found a viscous altar of Jiyva.
  5600 | D:6      | Noticed Duvessa
  5616 | D:6      | Killed Duvessa
  5616 | D:6      | Reached skill level 9 in Unarmed Combat
  5616 | D:6      | Reached XP level 9. HP: 67/79 MP: 8/8
  5628 | D:6      | Killed Dowan
  5943 | D:6      | Noticed a two-headed ogre
  5970 | D:6      | Demolished by a two-headed ogre

Vault maps used:
D:1:      dpeg_arrival_rooms_a, roderic_digamma_sauvastika
D:2:      first_bread, uniq_iyjb
D:3:      serial_park_tiny_2, elyvilon_altar_4, uniq_sigmund
D:4:      roderic_three_in_a_row
D:5:      old_standard_altar, nicolae_overflow_quartered_altars,
          small_statue_alley_b, minmay_item_behind_shaft,
          grunt_gozag_breadcrumbs
D:6:      jiyva_altar_1, uniq_crazy_yiuf_cottage, uniq_duvessa

Action                   |  1- 3 |  4- 6 |  7- 9 || total
-------------------------+-------+-------+-------++-------
Melee: Unarmed           |   122 |   126 |   250 ||   498
  Use: Potion            |       |     1 |     1 ||     2
 Stab: Sleeping          |     2 |     1 |       ||     3
  Eat: Chunk             |     9 |     6 |    13 ||    28
